[Event "Early-Titled-Tuesday-Blitz-March-26-2024"]
[Site "Chess.com"]
[Date "2024.03.26"]
[Round "11"]
[White "jaskol95"]
[Black "jinbojinbo"]
[Result "0-1"]
[WhiteElo "2478"]
[BlackElo "2635"]
[TimeControl "180+1"]
[EndTime "10:04:52 PDT"]
[Termination "jinbojinbo won by checkmate"]

1. d4 Nf6 2. c4 g6 3. g3 Bg7 4. Bg2 O-O 5. Nc3 d6 6. Nf3 Nbd7 7.
O-O e5 8. e4 c6 9. b3 Qa5 10.
Bb2 Re8 11. Re1 exd4 12. Nxd4 Nc5 13. f3 Qb6 14. Kh1 a5 15. Rb1 a4 16. Nxa4 Nxa4 17.
bxa4 Qc5 18. Nb3 Qxc4 19. Qxd6 Be6 20. a5 Rad8 21. Qf4 Nh5 22. Qe3 Rd3 23. Qe2 Bxb2 24. Rxb2 Red8 25. Nc1 R3d7 26. Qxc4 Bxc4 27. Bf1 Rd1 28. Rxd1 Rxd1 29. Ne2 Rxf1+ 30. Kg2 Ra1 31. Nc3 Ba6 32. e5 Ng7 33. g4 Ne6 34. Kg3 Nc5 35. Rd2 Nd3 36. Ne4 Rg1+ 37. Kh3 Nxe5 38. Rf2 Nd3 39. Rd2 h6 40. Ng3 Nf4+ 41. Kh4 g5# 0-1

[Event "Early-Titled-Tuesday-Blitz-March-26-2024"]
[Site "Chess.com"]
[Date "2024.03.26"]
[Round "11"]
[White "Shiner22"]
[Black "verrbaa"]
[Result "1-0"]
[WhiteElo "2406"]
[BlackElo "2471"]
[TimeControl "180+1"]
[EndTime "10:04:52 PDT"]
[Termination "Shiner22 won on time"]

1. e4 c5 2. d4 cxd4 3. c3 d5 4. exd5 Qxd5 5. cxd4 Nf6 6. Nc3 Qd6 7. Nf3 e6 8. Bd3 Nc6 9. O-O Be7 10. Re1 O-O 11. Bg5 Rd8 12. Nb5 Qd7 13. Qc2 h6 14. Bf4 Nb4 15. Qb3 Nxd3 16. Qxd3 Nd5 17. Be5 a6 18. Nc3 Nxc3 19. bxc3 b5 20. a4 bxa4 21. Bxg7 Kxg7 22. Ne5 Qd5 23. Re3 f5 24. Rg3+ Kh7 25. Rg6 Rg8 26. Rxg8 Kxg8 27. Qg3+ Bg5 28. h4 Ra7 29. hxg5 Rg7 30.
g6 Bb7 31. Rxa4 Qd6 32. Rb4 a5 33. Rb5 Qa6 34. c4 a4 35. Qa3 1-0

[Event "Early-Titled-Tuesday-Blitz-March-26-2024"]
[Site "Chess.com"]
[Date "2024.03.26"]
[Round "11"]
[White "JimDiGrease"]
[Black "Msb2"]
[Result "1-0"]
[WhiteElo "2967"]
[BlackElo "3032"]
[TimeControl "180+1"]
[EndTime "10:04:53 PDT"]
[Termination "JimDiGrease won by checkmate"]

1. d4 d5 2. c4 e6 3. Nf3 Nf6 4. Qc2 dxc4 5. Qxc4 a6 6. Bf4 Bd6 7. Bg3 O-O 8. e3 b5 9. Qc2 Bb7 10. Nbd2 Nc6 11. a3 Re8 12. Bd3 e5 13. O-O exd4 14. Bh4 h6 15. Bh7+ Kh8 16. Be4 Na5 17.
Bxb7 Nxb7 18. Nxd4 c5 19. Nf5 Be7 20. Nf3 Qb6 21.
Rfd1 Qe6 22. Nxe7 Rxe7 23. Rd2 Ree8 24. Bxf6 Qxf6 25. Rd7 Na5 26. Rad1 c4 27. R1d6 Re6 28. Rd5 Nb3 29. Rf5 Qg6 30. Rdxf7 Rd8 31. Nh4 Qxf5 32.
Nxf5 Re5 33. g3 Rd3 34. Qe2 Kg8 35. Qh5 Rxf5 36. Qxf5 Rd8 37. Qg6 Rd1+ 38. Kg2 Rg1+ 39. Kxg1 Nd4 40. Qxg7# 1-0

[Event "Early-Titled-Tuesday-Blitz-March-26-2024"]
[Site "Chess.com"]
[Date "2024.03.26"]
[Round "11"]
[White "monomita"]
[Black "superchess02"]
[Result "0-1"]
[WhiteElo "2785"]
[BlackElo "2878"]
[TimeControl "180+1"]
[EndTime "10:04:53 PDT"]
[Termination "superchess02 won on time"]

1. e4 c5 2. Nf3 d6 3. Bb5+ Nd7 4. O-O a6 5. Bd3 Ngf6 6. Re1 Qc7 7. c3 b5 8. a4 c4 9. Bc2 Bb7 10. axb5 axb5 11.
Rxa8+ Bxa8 12. d4 e6 13. Na3 Qb8 14. e5 Nd5 15. Ng5 dxe5 16. dxe5 Be7 17. Nxh7 Nxe5 18. Nxb5 Nd3 19. Bxd3 cxd3 20. Qxd3 g6 21. c4 Nb4 22. Qd4 Rxh7 23. Bf4 Qb7 24. Nc7+ Kf8 25. Nxa8 Qxa8 26. c5 Nc2 27. Qe4 Qxe4 28. Rxe4 Bxc5 29. Rc4 Nd4 30. Be5 Rh4 0-1

[Event "Early-Titled-Tuesday-Blitz-March-26-2024"]
[Site "Chess.com"]
[Date "2024.03.26"]
[Round "11"]
[White "pfalcon1949"]
[Black "kai_nov"]
[Result "0-1"]
[WhiteElo "2066"]
[BlackElo "2338"]
[TimeControl "180+1"]
[EndTime "10:04:53 PDT"]
[Termination "kai_nov won by checkmate"]

1. e4 c5 2. Nf3 Nc6 3. d4 cxd4 4. Nxd4 e5 5. Nb5 a6 6. Nd6+ Bxd6 7. Qxd6 Qe7 8. Qd1 Nf6 9. Nc3 d6 10. Bc4 Be6 11.
Bxe6 fxe6 12. O-O O-O-O 13. Be3 h5 14. b4 Nxb4 15. Rb1 Nc6 16. f3 Rdg8 17. Na4 g5 18.
Nb6+ Kb8 19. Qd3 g4 20. Nc4 d5 21. exd5 exd5 22. Na5 Nxa5 23. Qxa6 d4 24. Bd2 gxf3 25. Rxf3 d3 26. Rxf6 Qc5+ 27. Kh1 dxc2 28. Qb5 cxb1=Q+ 29. Qxb1 Qd5 30. Rf2 Nc4 31. Bb4 Rxg2 32. Rxg2 Rg8 33. Qg1 Ne3 34. Bd6+ Ka8 35. h3 Rxg2 36. Bxe5 Rxg1+ 37. Kxg1 Qg2# 0-1

[Event "Early-Titled-Tuesday-Blitz-March-26-2024"]
[Site "Chess.com"]
[Date "2024.03.26"]
[Round "11"]
[White "CMButgood"]
[Black "stratacticos"]
[Result "0-1"]
[WhiteElo "2002"]
[BlackElo "1859"]
[TimeControl "180+1"]
[EndTime "10:04:53 PDT"]
[Termination "stratacticos won on time"]

1. e4 c5 2. Nf3 Nc6 3. d4 cxd4 4. Nxd4 e5 5. Nb5 d6 6. N1c3 a6 7. Na3 b5 8. Nd5 Nce7 9. c4 Nxd5 10. exd5 Nf6 11. cxb5 Be7 12. bxa6 O-O 13. Be2 Qa5+ 14. Qd2 Qxd2+ 15. Bxd2 Bxa6 16. Bxa6 Rxa6 17. Nc2 Nxd5 18. Nb4 Nxb4 19. Bxb4 Rb8 20. Bc3 d5 21. b3 d4 22.
Bb2 Bb4+ 23. Ke2 Rg6 24. g3 Rc6 25. Rhc1 Rbc8 26. Rxc6 Rxc6 27. Rc1 Rxc1 28. Bxc1 e4 29. Bb2 Bc5 30. a3 f5 31. b4 d3+ 32. Ke1 Bd6 33. b5 Bc5 34. a4 Bb4+ 35. Kd1 Bc5 36. a5 Bxf2 37. b6 e3 38. Bc3 e2+ 39. Kc1 Be3+ 40.
Kb1 d2 41. Bxd2 Bxd2 42. b7 e1=Q+ 43. Ka2 Qe6+ 44. Ka1 Bc3+ 45. Kb1 Qb3+ 0-1

[Event "Early-Titled-Tuesday-Blitz-March-26-2024"]
[Site "Chess.com"]
[Date "2024.03.26"]
[Round "11"]
[White "stollenmonster"]
[Black "reevecanada"]
[Result "0-1"]
[WhiteElo "2879"]
[BlackElo "2691"]
[TimeControl "180+1"]
[EndTime "10:04:54 PDT"]
[Termination "reevecanada won by resignation"]

1. e4 e6 2. Nc3 c6 3. g3 d5 4. d4 Nf6 5. Bg2 Be7 6. Nge2 dxe4 7. Nxe4 Nbd7 8. Nxf6+ Nxf6 9. O-O O-O 10. c4 Bd7 11.
Nc3 Rc8 12. Be3 Qc7 13. Qe2 a6 14. Rac1 Qa5 15. Rfd1 b5 16. d5 b4 17. d6 Bd8 18.
Ne4 Nxe4 19. Bxe4 c5 20. b3 Bf6 21. Rc2 g6 22. h4 h5 23. g4 Bxh4 24. gxh5 g5 25.
Bg2 f5 26. Bc1 g4 27. Bb2 Bg5 28. Qe5 Bf6 29. Qf4 Kh7 30. Bxf6 Rxf6 31. Qe5 Rh6 32. Re2 Qd8 33. Qf4 Rxh5 34. Re5 Qh4 35. Rd3 a5 36. Kf1 a4 37. Rde3 axb3 38. axb3 Qg5 39. Qxg5 Rxg5 40. Rxe6 Bxe6 41. Rxe6 Rd8 42. Re5 Rxd6 43. Rxc5 Rd1+ 44. Ke2 Rb1 45. Bd5 Rb2+ 46. Ke3 Rxb3+ 47. Kf4 Rg7 48. Kxf5 Rb2 49. Be4 Rxf2+ 50. Ke6+ Kh6 51. Rc8 g3 52. c5 Re2 53. Rh8+ Kg5 54. Kd5 Rxe4 55. Kxe4 g2 0-1

[Event "Early-Titled-Tuesday-Blitz-March-26-2024"]
[Site "Chess.com"]
[Date "2024.03.26"]
[Round "11"]
[White "MatyChess1"]
[Black "Savagelittlemole"]
[Result "1-0"]
[WhiteElo "2647"]
[BlackElo "2497"]
[TimeControl "180+1"]
[EndTime "10:04:54 PDT"]
[Termination "MatyChess1 won by resignation"]

1. Nf3 Nf6 2. b3 g6 3. Bb2 Bg7 4. g3 O-O 5. Bg2 d6 6. d4 Nbd7 7. O-O c5 8. c4 Rb8 9. Nc3 a6 10. a4 cxd4 11. Nxd4 Nc5 12. a5 e5 13. Nf3 b6 14.
axb6 Qxb6 15. Ra3 Nxb3 16. Na4 Qb4 17. Ne1 Nc5 18. Nc2 Qxc4 19. Ne3 Qe6 20. Nxc5 dxc5 21. Ba1 Bb7 22. Bxb7 Rxb7 23. Qd3 Ra8 24. Rc1 Rd7 25. Qc2 Nd5 26. Qe4 Rad8 27. Nc4 Nf6 28. Qb1 e4 29. Ne3 Ng4 30. Bxg7 Kxg7 31. Qa1+ Rd4 32. Rxa6 Qd7 33.
Rxc5 Kg8 34. Rc1 Nxe3 35. fxe3 Rd6 36. Ra7 Qe6 37. Rf1 R6d7 38. Ra6 Rd6 39. Ra7 R6d7 40. Ra6 Qe7 41. Raf6 Qxf6 42. Qxf6 1-0

[Event "Early-Titled-Tuesday-Blitz-March-26-2024"]
[Site "Chess.com"]
[Date "2024.03.26"]
[Round "11"]
[White "Felix-Rose"]
[Black "Hope_6"]
[Result "0-1"]
[WhiteElo "2247"]
[BlackElo "2654"]
[TimeControl "180+1"]
[EndTime "10:04:54 PDT"]
[Termination "Hope_6 won by resignation"]

1. Nf3 d5 2. e3 Nf6 3. c4 e6 4.
Nc3 Bd6 5. b3 O-O 6. Bb2 c5 7.
cxd5 exd5 8. d4 cxd4 9. Nxd4 Nc6 10. Be2 Be6 11. O-O Rc8 12. Rc1 a6 13. Bf3 Qc7 14. g3 Qe7 15. Nxc6 bxc6 16. e4 Bh3 17. Re1 dxe4 18.
Nxe4 Nxe4 19. Rxe4 Be6 20. Qe2 Qg5 21. h4 Qh6 22.
Rd1 Bc5 23. Bg4 Bd5 24. Re5 Rcd8 25. Rh5 Qd6 26. Rg5 f6 27. Rh5 Qxg3+ 28. Kf1 Qg2+ 29. Ke1 Rfe8 30. Be5 Bb4+ 31. Rd2 Bxd2+ 32. Qxd2 Qxg4 0-1

[Event "Early-Titled-Tuesday-Blitz-March-26-2024"]
[Site "Chess.com"]
[Date "2024.03.26"]
[Round "11"]
[White "yaguigor"]
[Black "Harry_Rakkel"]
[Result "0-1"]
[WhiteElo "2580"]
[BlackElo "2720"]
[TimeControl "180+1"]
[EndTime "10:04:55 PDT"]
[Termination "Harry_Rakkel won by resignation"]

1. e4 c5 2. Nf3 e6 3. d4 cxd4 4. Nxd4 Nc6 5. Nc3 Qc7 6. Be3 a6 7. Qd2 Nf6 8. f4 d6 9. Be2 Be7 10. O-O-O O-O 11. Kb1 Na5 12. g4 b5 13. g5 Nd7 14. a3 Nb6 15. Bd3 Nbc4 16. Qe1 Rb8 17. Bc1 b4 18. axb4 Rxb4 19. Nd5 Rxb2+ 20. Bxb2 exd5 21.
exd5 Bg4 22. Rc1 Rb8 23. Nb3 Nxb2 24. Kxb2 Bf8 25. Qc3 Qd8 26. Ra1 Nxb3 27. cxb3 g6 28. Qa5 Bg7+ 29. Kc2 Qc8+ 30. Kd2 Qb7 31. Rab1 Ra8 32.
Rhc1 Qa7 33. Rf1 Qd4 34. Rbc1 Re8 35. Rc4 Qb2+ 36. Rc2 Qxb3 37. Qxa6 Qb4+ 38. Kc1 Re1+ 0-1

[Event "Early-Titled-Tuesday-Blitz-March-26-2024"]
[Site "Chess.com"]
[Date "2024.03.26"]
[Round "11"]
[White "leoduarte"]
[Black "whiteglovethief"]
[Result "0-1"]
[WhiteElo "2391"]
[BlackElo "2507"]
[TimeControl "180+1"]
[EndTime "10:04:55 PDT"]
[Termination "whiteglovethief won by resignation"]

1. d4 e6 2. Bf4 c5 3. e3 d5 4. Nf3 Nf6 5. c3 Bd6 6. Nbd2 O-O 7. Bd3 Qc7 8. Bxd6 Qxd6 9. Ne5 b6 10. f4 Ba6 11. Bc2 Nfd7 12. Qh5 f5 13. g4 Nf6 14.
Qh4 Ne4 15. Nxe4 fxe4 16. O-O-O cxd4 17. exd4 Nc6 18. Kb1 Rac8 19. Rhg1 Rxf4 20. Qg5 Rf2 21. Bb3 Qe7 22. Qe3 Re2 23. Qg3 Nxe5 24. dxe5 Bd3+ 25. Ka1 Rf8 26. Rxd3 exd3 27. Qxd3 Rff2 28. Rb1 Rxh2 29. g5 Rxe5 30. g6 hxg6 31. Qg3 Ree2 32. Qxg6 Qf6 33. Qe8+ Kh7 34. Bd1 Rxb2 35. Rxb2 Qxc3 36.
Qb5 Rh1 37. Qe2 Qd4 38. Qd2 Rxd1+ 39. Qxd1 Qxd1+ 0-1

[Event "Early-Titled-Tuesday-Blitz-March-26-2024"]
[Site "Chess.com"]
[Date "2024.03.26"]
[Round "11"]
[White "atalz0"]
[Black "JosefineHeinemann"]
[Result "0-1"]
[WhiteElo "2372"]
[BlackElo "2498"]
[TimeControl "180+1"]
[EndTime "10:04:55 PDT"]
[Termination "JosefineHeinemann won on time"]

1. d4 Nf6 2. c4 e6 3. Nc3 d5 4. cxd5 Nxd5 5. e4 Nxc3 6. bxc3 c5 7.
Rb1 Be7 8. Bc4 O-O 9. Ne2 a6 10.
O-O b6 11. d5 b5 12. Bb3 c4 13. Bc2 Bb7 14. dxe6 fxe6 15. Qxd8 Rxd8 16. a4 Bc6 17.
Nd4 b4 18. Nxe6 Rd6 19. Nc7 b3 20. Nxa8 Bxa8 21. Bf4 Rd8 22. Rbd1 bxc2 23. Rxd8+ Bxd8 24. Bxb8 Bg5 25. f4 Be7 26. Rc1 Bxe4 27. Ba7 Ba3 28. Be3 Bxc1 29. Bxc1 a5 30. Kf2 Bc6 31. Ke3 Bxa4 32.
Kd4 Bb3 33. Kc5 Kf7 34. g4 g6 35. Kb5 a4 36. Kb4 Ke6 37. Kc5 h5 38. h3 hxg4 39. hxg4 Kf6 40. Kd4 Ke6 41. Ba3 Ba2 42. Bc1 Bb3 43.
Ba3 Kf7 44. Bc1 Kf6 45. Ba3 Kf7 46. Bc1 a3 47. Bxa3 Ba4 48. Bc1 Bd7 49. g5 Be6 50. Ke5 Bf5 51. Ba3 Bd3 52. Bc1 Bf5 53. Kd4 Bd3 54.
Ba3 Ke6 55. Bc1 Kf5 56. Bd2 Kg4 57. Ke3 Kg3 58. Bc1 Kg2 0-1

[Event "Early-Titled-Tuesday-Blitz-March-26-2024"]
[Site "Chess.com"]
[Date "2024.03.26"]
[Round "11"]
[White "Rsnr"]
[Black "artooon"]
[Result "0-1"]
[WhiteElo "2931"]
[BlackElo "3032"]
[TimeControl "180+1"]
[EndTime "10:04:56 PDT"]
[Termination "artooon won on time"]

1. d4 Nf6 2. c4 e6 3. Nf3 b6 4. a3 Bb7 5. Nc3 d6 6. d5 e5 7.
e4 g6 8. Bd3 Bg7 9. O-O O-O 10.
b4 a5 11. Bd2 Nbd7 12. Bc2 Nh5 13. Ba4 h6 14. Ne1 axb4 15. axb4 Kh7 16. Nd3 Nf4 17. Qc2 Nxd3 18. Qxd3 f5 19. Bc6 Rxa1 20. Rxa1 Bc8 21. Ra8 Nf6 22. f3 Qe7 23. Ra7 fxe4 24. fxe4 Nh5 25. Be1 Nf4 26. Qc2 Qf6 27. Bf2 Nd3 28. Nd1 Nxb4 29. Qd2 Nxc6 30. dxc6 Rf7 31. Ne3 Qf4 32. Qc2 Be6 33. Ra8 h5 34. Nd5 Qg5 35.
Ra3 Bxd5 36. cxd5 Bh6 37. Rg3 Qe7 38. Qa4 Qf8 39. Qc2 Qa8 40. Rf3 Qa1+ 0-1

[Event "Early-Titled-Tuesday-Blitz-March-26-2024"]
[Site "Chess.com"]
[Date "2024.03.26"]
[Round "11"]
[White "bazar-wokzal"]
[Black "AsaHoffmann"]
[Result "1-0"]
[WhiteElo "2580"]
[BlackElo "2420"]
[TimeControl "180+1"]
[EndTime "10:04:56 PDT"]
[Termination "bazar-wokzal won by resignation"]

1. e4 d6 2. f4 c6 3. Nf3 d5 4. e5 Bg4 5. d4 e6 6. Be3 c5 7. c3 Qb6 8. dxc5 Bxc5 9. Bxc5 Qxc5 10. Qd4 Nd7 11. Nbd2 Ne7 12. Qxc5 Nxc5 13. Bb5+ Kf8 14. Nd4 a6 15. Be2 Bxe2 16. Kxe2 Nc6 17. Ke3 Ke7 18. Rac1 Rac8 19. b4 Na4 20. a3 b5 21. N2b3 Nb2 22. Nc5 Nc4+ 23. Kd3 Nxd4 24. cxd4 Rc6 25. Rc3 Ra8 26. Rb1 a5 27. bxa5 Rxa5 28. Rbb3 f6 29. g4 Rc8 30. h4 fxe5 31. fxe5 Rf8 32. Ke2 Rf4 33. a4 Rxd4 34. Rxb5 Rxb5 35. axb5 Nxe5 36. b6 Rb4 37. b7 d4 38. Rb3 d3+ 39. Ke3 Rxb3 40.
Nxb3 Nc6 41. Kxd3 Kd7 42. Ke4 Kc7 43. Nd4 Nd8 44. Ke5 Kxb7 45. Nxe6 Nf7+ 46. Kd5 g6 47.
Nf8 h5 48. g5 Kc7 49. Nxg6 Kd7 50. Ne5+ Nxe5 51. Kxe5 Ke7 52. Kf5 Kf7 53. g6+ Kg7 54. Kg5 Kg8 55. Kxh5 Kg7 56. Kg5 Kg8 57. Kh6 Kh8 58.
h5 Kg8 59. g7 Kf7 60. Kh7 1-0

[Event "Early-Titled-Tuesday-Blitz-March-26-2024"]
[Site "Chess.com"]
[Date "2024.03.26"]
[Round "11"]
[White "Korchmar_Vasiliy"]
[Black "Statham_01"]
[Result "0-1"]
[WhiteElo "2691"]
[BlackElo "2604"]
[TimeControl "180+1"]
[EndTime "10:04:58 PDT"]
[Termination "Statham_01 won on time"]

1. e4 e5 2. Nf3 Nf6 3. Nxe5 d5 4.
exd5 Qxd5 5. d4 Nc6 6. Nxc6 Qxc6 7. Nc3 Bb4 8. Qf3 Qxf3 9. gxf3 Bf5 10. a3 Ba5 11. Bd3 Bxd3 12. cxd3 O-O-O 13. Be3 Nd5 14. Kd2 f5 15. b4 Bb6 16. Ne2 h6 17. f4 a5 18. Rhg1 Rd7 19. Rg6 Re8 20. b5 a4 21.
Rag1 Ba5+ 22. Kd1 Nxe3+ 23. fxe3 Rxe3 24. Rxg7 Rxd3+ 25. Kc1 Rxg7 26. Rxg7 Rxa3 27. Ng3 Rf3 28. Nxf5 Rxf4 29. Ne7+ Kd8 30. Ng6 Rxd4 31. Ne5 Re4 32.
Nd3 a3 33. Rg8+ Ke7 34. Kb1 Re2 35. Rg7+ Kf6 36. Rg8 a2+ 0-1

[Event "Early-Titled-Tuesday-Blitz-March-26-2024"]
[Site "Chess.com"]
[Date "2024.03.26"]
[Round "11"]
[White "Josgar05"]
[Black "Gorbaev"]
[Result "0-1"]
[WhiteElo "2363"]
[BlackElo "2481"]
[TimeControl "180+1"]
[EndTime "10:04:59 PDT"]
[Termination "Gorbaev won by resignation"]

1. Nf3 Nf6 2. b3 e6 3. Bb2 b6 4. e3 Bb7 5. Be2 Be7 6. O-O O-O 7. d4 c5 8. c4 d6 9. Nc3 cxd4 10. exd4 a6 11. Re1 Re8 12. Qd2 Nbd7 13. Rad1 Bf8 14.
Bd3 Rc8 15. Bb1 Qc7 16. a4 Qb8 17. Ng5 Qa8 18. Nge4 d5 19. Nxf6+ Nxf6 20. cxd5 Nxd5 21. Ne4 Red8 22. Qg5 g6 23. Qh4 Bg7 24. Ng5 h6 25. Nf3 Nf6 26. Qg3 Bxf3 27. gxf3 Qb8 28. f4 Rd5 29. Re5 Nh5 30. Qf3 Rcd8 31. Rde1 Bxe5 32. fxe5 Rxd4 33. Bxd4 Rxd4 34. Kh1 Nf4 35. Re4 Rxe4 36. Qxe4 Nd5 37. Bd3 b5 38. a5 Qc7 39. b4 Qc1+ 40.
Kg2 Qd2 41. Bc2 Qxb4 42. Qf3 Qxa5 43. Be4 b4 44. Qg3 Kg7 45. h4 Nc3 46. Bd3 Qd5+ 47. Kh2 b3 48. h5 g5 49. Bxa6 b2 50. Bd3 b1=Q 51. Bxb1 Nxb1 52. f4 Qd2+ 53. Kh1 Qxf4 54. Qd3 Nd2 0-1

[Event "Early-Titled-Tuesday-Blitz-March-26-2024"]
[Site "Chess.com"]
[Date "2024.03.26"]
[Round "11"]
[White "kyuotbi"]
[Black "PawnEatingZombie"]
[Result "1-0"]
[WhiteElo "2271"]
[BlackElo "2174"]
[TimeControl "180+1"]
[EndTime "10:05:04 PDT"]
[Termination "kyuotbi won on time"]

1. e4 d6 2. d4 Nf6 3. Nc3 e5 4. Nf3 Nbd7 5. Bc4 Be7 6. O-O O-O 7. h3 c6 8. a4 a5 9. Be3 h6 10. Qd2 Re8 11. Rfe1 Bf8 12. Rad1 Nb6 13. Bb3 Nfd7 14. dxe5 dxe5 15. Ne2 Qc7 16. Ng3 Nc5 17.
Bxc5 Bxc5 18. Nf5 Be6 19. Bxe6 Rxe6 20. N3h4 Bf8 21. b3 Ree8 22. Qe3 Rad8 23. Qg3 Kh7 24. Nf3 g6 25. Ne3 Bg7 26. Ng4 Rxd1 27. Rxd1 Nd7 28. Qh4 h5 29. Ng5+ Kg8 30. Ne3 Nc5 31. g4 Bh6 32. gxh5 Bxg5 33. Qxg5 Nxe4 34. Qh4 Nc3 35. hxg6 fxg6 36. Rd3 Ne2+ 37. Kf1 Nf4 38. Rd2 Qf7 39. Ng4 Qe7 40. Nf6+ Kg7 41. Rd7 1-0

[Event "Early-Titled-Tuesday-Blitz-March-26-2024"]
[Site "Chess.com"]
[Date "2024.03.26"]
[Round "11"]
[White "Winner_7777"]
[Black "Karttunen"]
[Result "0-1"]
[WhiteElo "2588"]
[BlackElo "2731"]
[TimeControl "180+1"]
[EndTime "10:05:05 PDT"]
[Termination "Karttunen won on time"]

1. d4 Nf6 2. c4 g6 3. Nc3 Bg7 4. e4 d6 5. Be2 O-O 6. Be3 e5 7. d5 c6 8. g4 cxd5 9. cxd5 h6 10. h4 Ne8 11. Qd2 Kh7 12. h5 g5 13. f3 a5 14. Nh3 Bf6 15. Nf2 Na6 16. O-O Nc5 17. Rfd1 b6 18. Rac1 Ba6 19. Bxa6 Rxa6 20. Qe2 Nc7 21.
Nb5 Ra8 22. a3 a4 23. Nxc7 Qxc7 24. Nd3 Rfc8 25. Nb4 Qb7 26. Rc3 Bd8 27. Nc6 Bc7 28.
Rdc1 Qa6 29. Qxa6 Rxa6 30. Ne7 Rca8 31. Nf5 Ra5 32. Rc4 Rb5 33. Rb4 Rba5 34. Rc3 R8a7 35. Kf2 f6 36. Ne7 Ra8 37. Nc6 R5a6 38. Ke2 Bd8 39. Bxc5 dxc5 40. Rb5 Bc7 41. Kd3 Bd6 42. Kc4 Kg7 43. Rc1 Kf7 44. Rc3 Ke8 0-1

[Event "Early-Titled-Tuesday-Blitz-March-26-2024"]
[Site "Chess.com"]
[Date "2024.03.26"]
[Round "11"]
[White "ATM622"]
[Black "ChristianArca"]
[Result "1-0"]
[WhiteElo "2524"]
[BlackElo "2666"]
[TimeControl "180+1"]
[EndTime "10:05:05 PDT"]
[Termination "ATM622 won on time"]

1. d4 Nf6 2. c4 c6 3. g3 d5 4. Bg2 a6 5. cxd5 cxd5 6. Nf3 Nc6 7. O-O Bf5 8. Nc3 e6 9. Nh4 Bg6 10. Bg5 Be7 11. Rc1 O-O 12. Nxg6 hxg6 13. h3 Rc8 14. a3 Nd7 15. Bxe7 Qxe7 16. Na4 Na5 17. Nc5 Nxc5 18. dxc5 Nc4 19. Qd4 Qf6 20. e3 Nxb2 21. Rb1 Nc4 22. Rxb7 Nxa3 23. Rc1 Nc4 24. g4 a5 25. f4 g5 26. f5 a4 27. Ra7 a3 28.
Rf1 Ra8 29. Rxa8 Rxa8 30. fxe6 a2 31. exf7+ Kf8 32. Rxf6 gxf6 33. Qxd5 a1=Q+ 34. Kh2 1-0

[Event "Early-Titled-Tuesday-Blitz-March-26-2024"]
[Site "Chess.com"]
[Date "2024.03.26"]
[Round "11"]
[White "Let_it_be_1"]
[Black "Kotofeyca"]
[Result "1-0"]
[WhiteElo "2650"]
[BlackElo "2493"]
[TimeControl "180+1"]
[EndTime "10:05:05 PDT"]
[Termination "Let_it_be_1 won on time"]

1. e4 c5 2. Nf3 d6 3. d4 cxd4 4. Nxd4 Nf6 5. Nc3 a6 6. Be2 e5 7. Nb3 Be7 8. O-O O-O 9. Kh1 b5 10. a4 b4 11. Nd5 Nxd5 12. Qxd5 Ra7 13. Be3 Be6 14. Qd2 Rb7 15. a5 d5 16. Bb6 Qd7 17.
exd5 Qxd5 18. Qe3 e4 19. Rad1 Qe5 20. Nc5 Bxc5 21. Bxc5 Rc8 22. Bd4 Qxa5 23. c3 Nc6 24.
Qxe4 Qc7 25. Bf3 Rbb8 26. Be3 bxc3 27. bxc3 Ne7 28. Bf4 Qxc3 29. Bxb8 Rxb8 30. Rc1 Qf6 31. Rfd1 g6 32. Qa4 Rb6 33. Qa5 Rb2 34. Rd2 Rxd2 35. Qxd2 Nf5 36. Bb7 a5 37. Qxa5 Nd4 38. f3 Nb3 39. Qa8+ Kg7 40. Rg1 1-0

[Event "Early-Titled-Tuesday-Blitz-March-26-2024"]
[Site "Chess.com"]
[Date "2024.03.26"]
[Round "11"]
[White "EternalNight8"]
[Black "C_K_G"]
[Result "1-0"]
[WhiteElo "2476"]
[BlackElo "2265"]
[TimeControl "180+1"]
[EndTime "10:05:06 PDT"]
[Termination "EternalNight8 won on time"]

1. d4 d5 2. c4 e6 3. Nf3 Nf6 4. g3 b6 5. Bg2 Bb7 6. cxd5 exd5 7. O-O Nbd7 8. Nc3 a6 9. Ne5 Bd6 10. Bf4 O-O 11. Qc2 Re8 12. Qf5 Nxe5 13. dxe5 Bc8 14.
Qd3 Bxe5 15. Nxd5 Bxf4 16. Nxf6+ Qxf6 17. Bxa8 Bf5 18. Qf3 Be5 19. Bc6 Rf8 20. Rad1 Bxb2 21. Be4 Bh3 22. Qxf6 Bxf6 23. Bg2 Be6 24. Rd2 c5 25. Rd6 Bxa2 26. Rxb6 Bc4 27. Bf3 Bb5 28. Rd1 g6 29. Rxf6 c4 30. Rb6 Rc8 31. Rbd6 Kg7 32.
Bb7 Rc7 33. Bxa6 Ba4 34. Rc1 c3 35. Bd3 Bb3 36. Rb6 Be6 37. Be4 h5 38. Rc6 Rd7 39. R6xc3 h4 40. gxh4 Rd2 41. Bf3 Bh3 42. R3c2 Rd4 43.
Rc3 Rxh4 44. Bg2 1-0

[Event "Early-Titled-Tuesday-Blitz-March-26-2024"]
[Site "Chess.com"]
[Date "2024.03.26"]
[Round "11"]
[White "Xavier_mompel"]
[Black "Happy1712Drummer"]
[Result "0-1"]
[WhiteElo "2356"]
[BlackElo "2459"]
[TimeControl "180+1"]
[EndTime "10:05:07 PDT"]
[Termination "Happy1712Drummer won on time"]

1. e4 c5 2. Nf3 e6 3. d4 cxd4 4. Nxd4 Nf6 5. Nc3 Nc6 6. Ndb5 Bc5 7. Bf4 O-O 8. Bc7 Qe7 9. Bd6 Bxd6 10. Qxd6 Ne8 11. Qxe7 Nxe7 12. O-O-O f5 13. e5 Ng6 14. Re1 a6 15. Nd4 b5 16. g3 Bb7 17. Rg1 Rc8 18.
f4 Nc7 19. Bg2 Bxg2 20. Rxg2 Ne7 21. Rd2 Ncd5 22. Nxd5 Nxd5 23. Nb3 Rc7 24. Nd4 g6 25. Kb1 Rfc8 26. h4 h5 27. Nf3 Kf7 28. Ng5+ Ke7 29. a3 a5 30. Nf3 b4 31. a4 Nb6 32. b3 Nd5 33. Nd4 Rc3 34. Rg2 R8c5 35. Nb5 Rf3 36.
Nd4 Re3 37. Rxe3 Nxe3 38. Re2 Nd5 39. Kb2 Rc3 40. Rg2 Re3 41. Kc1 Nc3 42. Kd2 Re4 43. Nb5 Nd5 0-1

[Event "Early-Titled-Tuesday-Blitz-March-26-2024"]
[Site "Chess.com"]
[Date "2024.03.26"]
[Round "11"]
[White "Boudicca64"]
[Black "maurovargas01"]
[Result "0-1"]
[WhiteElo "1777"]
[BlackElo "1853"]
[TimeControl "180+1"]
[EndTime "10:05:08 PDT"]
[Termination "maurovargas01 won on time"]

1. e4 d5 2. exd5 Qxd5 3. Nc3 Qa5 4. d4 c6 5. Bc4 Nf6 6. h3 Bf5 7. Nf3 e6 8. O-O Bd6 9. Bg5 Nbd7 10. Re1 O-O 11. g4 Bg6 12. a3 Rad8 13. b4 Qb6 14.
Na4 Qc7 15. Qe2 b5 16. Bxe6 fxe6 17. Qxe6+ Bf7 18. Qe2 bxa4 19. Ne5 Rde8 20. f4 Bd5 21. c4 Bf7 22. Rad1 a5 23. c5 Bxe5 24. dxe5 Nd5 25.
Qf3 Rb8 26. e6 Bxe6 27. Rxe6 axb4 28. axb4 Rxb4 29. Rd6 Rb3 30. Qe4 Nxc5 31. Qc4 Qxd6 32. Qd4 Rxh3 33. Be7 Qxe7 34. Rf1 Qe3+ 35. Qxe3 Nxe3 36.
Rf2 Rg3+ 0-1

[Event "Early-Titled-Tuesday-Blitz-March-26-2024"]
[Site "Chess.com"]
[Date "2024.03.26"]
[Round "11"]
[White "Likvidator228"]
[Black "flawian2008"]
[Result "0-1"]
[WhiteElo "2564"]
[BlackElo "2443"]
[TimeControl "180+1"]
[EndTime "10:05:09 PDT"]
[Termination "flawian2008 won by resignation"]

1. d4 Nf6 2. Bf4 g6 3. e3 Bg7 4.
Nf3 O-O 5. Nbd2 d6 6. Bc4 Nfd7 7. O-O e5 8. Bg5 Qe8 9. dxe5 dxe5 10. e4 c6 11. c3 Kh8 12. a4 f5 13. exf5 gxf5 14. Nb3 f4 15. Qd6 e4 16. Rfe1 Nb6 17. Bd3 Bf5 18. Nc5 N8d7 19. Nxe4 Qh5 20. Be7 Nc8 21.
Qa3 Nxe7 22. Qxe7 Rae8 23. Qb4 Ne5 24. Nxe5 Rxe5 25. f3 b6 26. Nf2 Re3 27. Bxf5 Qxf5 28. Ng4 Ree8 29. Qc4 h5 30. Nf2 Re3 31. Qxc6 h4 32.
Ng4 Rd3 33. Qe4 Rd2 34. Qxf5 Rxf5 35. Rab1 Ra5 36. Re4 b5 37. axb5 Rxb5 38. Rxf4 Bxc3 39. Rf8+ Kg7 40. Re8 Bd4+ 41. Kh1 Rbxb2 42. Rbe1 Rxg2 43. R1e7+ Kg6 44. Rg8+ Kf5 45. Rf8+ Kg5 46. Rg8+ Kf5 47. Nh6+ Kf6 48. Rf7+ Ke6 49. Re8+ Kd6 50. Nf5+ Kc5 51.
Rc7+ Kb6 52. Nxd4 Rxh2+ 53. Kg1 Kxc7 54. Re7+ Kb6 55. Re6+ Kc5 56. Nf5 Rbg2+ 57. Kf1 h3 58. Re5+ Kc6 59. Ng3 Rxg3 0-1